 Dungeon Crawl Stone Soup version 0.30-a0-777-ga9a30cbeda (console) character file.

Game seed: 5108303296321356366

22 Ignak the Ogre Mage (level 2, 0/27 HPs)
             Began as an Ogre Hedge Wizard on Feb 14, 2023.
             Succumbed to an adder's poison
             ... on level 2 of the Dungeon.
             The game lasted 00:02:09 (1009 turns).

Ignak the Ogre Mage (Ogre Hedge Wizard)             Turns: 1009, Time: 00:02:09

Health: 0/27       AC:  4    Str: 13    XL:     2   Next: 91%
Magic:  5/6        EV:  9    Int: 15    God:
Gold:   40         SH:  0    Dex:  8    Spells: 3/8 levels left

rFire   . . .      SeeInvis .    g - +0 flail
rCold   . . .      Faith    .    (no shield)
rNeg    . . .      Spirit   .    b - +0 robe
rPois   .          Reflect  .    c - +0 hat
rElec   .          Harm     .    j - +0 cloak
rCorr   .          Rampage  .    (gloves unavailable)
Will    .....                    (boots unavailable)
Stlth   +                        (no amulet)
HPRegen 0.24/turn                (no ring)
MPRegen 0.10/turn                (no ring)

@: lethally poisoned (0 -> -9)
A: large, unfitting armour, tough skin 1
a: no special abilities


You were on level 2 of the Dungeon.
You visited 1 branch of the dungeon, and saw 2 of its levels.

You collected 40 gold pieces.

Inventory:

Hand Weapons
 g - a +0 flail (weapon)
Armour
 b - a +0 robe (worn)
 c - a +0 hat (worn)
 j - a +0 cloak (worn)
Scrolls
 a - a scroll of identify {unknown}
 e - a scroll of enchant armour {unknown}
 h - a scroll of poison {unknown}
 i - a scroll of blinking {unknown}
Potions
 d - 2 potions of magic
 f - a potion of invisibility {unknown}


   Skills:
 + Level 1.4 Fighting
 + Level 0.2 Armour
 + Level 1.9 Dodging
 + Level 1.5 Stealth
 + Level 3.8 Spellcasting
 + Level 1.1 Conjurations
 - Level 0.8 Summonings
 + Level 1.2 Translocations


You had 3 spell levels left.
You knew the following spells:

 Your Spells              Type           Power      Damage    Failure   Level
a - Magic Dart            Conj           24%        1d4       12%         1
b - Blink                 Tloc           12%        N/A       17%         2
e - Call Imp              Summ           5%         N/A       21%         2

Your spell library contained the following spells:

 Spells                   Type           Power      Damage    Failure   Level
 Slow                     Hex            8%         N/A       19%         1
 Cigotuvi's Dreadful Rot  Necr/Pois/Air  4%         N/A       28%         2
 Mephitic Cloud           Conj/Pois/Air  4%         N/A       43%         3


Dungeon Overview and Level Annotations

Branches:
Dungeon (2/15)

Altars:


Innate Abilities, Weirdness & Mutations

You are too large for most types of armour.
You have tough skin. (AC +1)


Message History

The adder barely misses you.
Your crimson imp hits the adder but does no damage.
You closely miss the adder.
The adder is lightly wounded.
You feel sick. The adder barely misses you.
Your crimson imp blinks!
The adder barely misses you.
You sock the adder!
The adder is almost dead.
You feel sick. The adder bites you.
You miss the adder.
The adder is almost dead.
You feel sick.
You are no longer poisoned.
The adder bites you.
You are poisoned.
The adder poisons you! The adder barely misses you.
You closely miss the adder.
The adder is almost dead.
You feel sick. The adder bites you.
Your crimson imp blinks!
The adder bites you but does no damage.
You hit the adder but do no damage.
The adder is almost dead.
You feel sick. The adder bites you.
You are more poisoned.
The adder poisons you! The adder bites you.
You closely miss the adder.
The adder is almost dead.
You feel sick. The adder closely misses you. The adder bites you.
* * * LOW HITPOINT WARNING * * *
You miss the adder.
The adder is almost dead.
You feel sick. The adder bites you but does no damage. The adder bites you.
* * * LOW HITPOINT WARNING * * *
You are more poisoned.
The adder poisons you!
You thump the adder!
You kill the adder!
You die...

# #. ##.######
# .......#
#.#.###....###
.....5.......+
#.##†@...###
#....<...#
####.##### #.
#. #. #. #. #.


You could see a friendly crimson imp (summoned).

Vanquished Creatures
  An adder (D:2)
  A dart slug (D:1)
  4 bats (D:1)
  An endoplasm (D:1)
  2 quokkas (D:1)
  A ball python (D:1)
  A frilled lizard (D:1)
  2 kobolds (D:1)
  5 rats (D:1)
18 creatures vanquished.

Vanquished Creatures (collateral kills)
  A giant cockroach (D:1)
  A goblin (D:1)
  A kobold (D:1)
  A quokka (D:1)
4 creatures vanquished.

Vanquished Creatures (others)
  2 plants (D:1)
2 creatures vanquished.

Grand Total: 24 creatures vanquished

Notes
Turn   | Place    | Note
-------+----------+-------------------------------------------
     0 | D:1      | Ignak the Ogre Hedge Wizard began the quest for the Orb.
     0 | D:1      | Reached XP level 1. HP: 16/16 MP: 5/5
   258 | D:1      | Reached skill level 1 in Translocations
   260 | D:1      | Reached skill level 1 in Conjurations
   262 | D:1      | Reached XP level 2. HP: 13/26 MP: 6/6
   265 | D:1      | Learned a level 2 spell: Blink
   268 | D:1      | Learned a level 2 spell: Call Imp
   632 | D:1      | Reached skill level 1 in Fighting
  1009 | D:2      | Succumbed to an adder's poison

Illustrated notes

Levels and vault maps discovered:
D:1:      co_arrival_square_in_a_square_in_a_square, layout_basic,
          serial_bayou_lake_a
D:2:      layout_loops_corners, nicolae_ecumenical_snake_handling

Skill      XL: |  1  2 |
---------------+-------+-----
Translocations | 1 |  1.2
Conjurations   | 1 |  1.1
Fighting       | 1 |  1.4
Armour         | |  0.2
Dodging        | |  1.9
Stealth        | |  1.5
Spellcasting   | |  3.8
Summonings     | |  0.8

Action                     || total
---------------------------++-------
  Melee: Flail             ||    74
         Punch             ||     1
   Cast: Call Imp          ||     5
 Armour: Robe              ||    37
  Dodge: Dodged            ||    55

Table legend: (Time is in decaauts)
 A = Elapsed time spent in this place.
 B = Non-inter-level travel time spent in this place.
 C = Inter-level travel time spent in this place.
 D = Time resting spent in this place.
 E = Time spent auto-exploring this place.
 F = Levels seen in this place.
 G = Mean time per level.
                   A        B        C        D        E       F      G
               +--------+--------+--------+--------+--------+-----+--------+
         Total |   1037 |   1030 |      7 |    110 |    619 |   2 |  518.5 |
       Dungeon |   1037 |   1030 |      7 |    110 |    619 |   2 |  518.5 |
               +--------+--------+--------+--------+--------+-----+--------+

Top non-repeatable levels by time:
     D:1: 1016 daAuts
     D:2: 20 daAuts
